 Dungeon Crawl Stone Soup version 0.31-a0-167-g1c394c0614 (webtiles) character file.

Game seed: 10346029790383273688

262 qw the Shield-Bearer (level 6, -1/37 HPs)
             Began as a Gargoyle Fighter on June 14, 2023.
             Slain by a gnoll
             ... wielding a +0 spear
              (3 damage)
             ... on level 4 of the Dungeon.
             The game lasted 00:01:22 (2782 turns).

qw the Shield-Bearer (Gargoyle Fighter)             Turns: 2782, Time: 00:01:23

Health: -1/37      AC: 15    Str: 20    XL:     6   Next: 18%
Magic:  6/6        EV:  6    Int: 13    God:
Gold:   130        SH: 12    Dex:  8    Spells: 5/5 levels left

rFire   . . .        Y - +0 war axe
rCold   . . .        l - +0 tower shield
rNeg    + . .        b - +0 scale mail
rPois   inf          h - +0 helmet
rElec   +            (no cloak)
rCorr   .            a - +2 pair of gloves
SInv    .            (no boots)
Will    .....        (no amulet) Stlth
                     (no ring)
HPRegen 0.26/turn    (no ring)
MPRegen 0.10/turn

%: no passive effects
@: no status effects
A: sickness immunity, AC +4, negative energy resistance 1, electricity
resistance, torment resistance 1, petrification resistance, claws 1, clever 1
a: no special abilities


You were on level 4 of the Dungeon.
You visited 1 branch of the dungeon, and saw 4 of its levels.

You collected 245 gold pieces.
You spent 115 gold pieces at shops.


Innate Abilities, Weirdness & Mutations

You are immune to sickness and miasma.
Your stone body is resilient. (AC +4)
You are immune to poison.
You resist negative energy. (rN+)
You are resistant to electric shocks. (rElec)
You are resistant to unholy torment.
You are immune to petrification.
You have sharp fingernails.
Your mind is acute. (Int +4, Str/Dex -1)


   Skills:
 - Level 3.2 Fighting
 - Level 3.2 Axes
 - Level 3.2 Armour
 + Level 6.5 Shields


You had 5 spell levels left.
You didn't know any spells.
Your spell library was empty.

Inventory:

Hand Weapons
 n - a +0 whip
 Y - a +0 war axe (weapon)
Armour
 a - a +2 pair of gloves (worn)
 b - a +0 scale mail (worn)
 h - a +0 helmet (worn)
 i - a +0 cloak of stealth
 l - a +0 tower shield (worn)
Scrolls
 e - a scroll of identify
Potions
 c - a potion of heal wounds {unknown}
 d - a potion of might
 f - 2 potions of attraction
 g - a potion of mutation

Dungeon Overview and Level Annotations

Branches:
Dungeon (4/15)
 Temple: D:4-7

Altars:

Shops:
D:4 [


Message History

You barely miss the gnoll.
The gnoll is lightly wounded.
The gnoll hits you but does no damage. You block the gnoll's attack. x2
You barely miss the gnoll.
The gnoll is lightly wounded.
The gnoll hits you but does no damage. x2; You block the gnoll's attack.
The gnoll hits you from afar with a +0 spear.
The gnoll hits you with a +0 whip! You block the gnoll's attack.
You slash the gnoll!
You kill the gnoll!
The gnoll hits you but does no damage.
The gnoll hits you from afar with a +0 spear. x2
You block the gnoll's attack. The gnoll hits you with a +0 spear.
The gnoll barely misses you.
You barely miss the gnoll. You hit the gnoll.
The gnoll hits you with a +0 spear. The gnoll hits you but does no damage.
You closely miss the gnoll.
The gnoll is lightly wounded.
You barely miss the gnoll. The gnoll hits you with a +0 spear.
The gnoll hits you but does no damage. You block the gnoll's attack.
The gnoll hits you but does no damage.
You hit the gnoll but do no damage.
The gnoll is lightly wounded.
You barely miss the gnoll. The gnoll hits you with a +0 spear.
The gnoll hits you but does no damage. x2
The gnoll hits you with a +0 spear.
You completely miss the gnoll.
The gnoll is lightly wounded.
You barely miss the gnoll. You block the gnoll's attack. x2
You slash the gnoll!
The gnoll is severely wounded.
You hit the gnoll but do no damage. You block the gnoll's attack.
The gnoll barely misses you. The gnoll hits you but does no damage.
You block the gnoll's attack.
You hit the gnoll.
You kill the gnoll!
You barely miss the gnoll. The gnoll hits you with a +0 spear.
You die...

### #### ####.# #..###
.....## ##....# ##
......###...### ###.##
..###..#....#####....#
..##.........#.......#
.(...##..............##
......#...#.....)g....#
.#.......##....)@##...#
##...............# ...#
###..............# ....
#..............#....gg#
###.<.....%....#....
.#..
.........##...##...#
###.
.[..#######...#...##
.##...####..#.#...#
..##..#..##.#....####


You could see a gnoll.

Vanquished Creatures
  2 hounds (D:4)
  Jessica (D:3)
  Robin (D:2)
  2 gnolls (D:4)
  5 adders
  2 worms
  3 dart slugs
  3 orcs (D:3)
  7 endoplasms
  3 giant cockroaches
  18 goblins
  14 hobgoblins
  3 jackals (D:1)
  A quokka (D:1)
  5 ball pythons
  5 bats
  8 frilled lizards
  8 kobolds
  5 rats
96 creatures vanquished.

Notes
Turn   | Place    | Note
-------+----------+-------------------------------------------
     0 | D:1      | qw the Gargoyle Fighter began the quest for the Orb.
     0 | D:1      | Reached XP level 1. HP: 14/14 MP: 1/1
     0 | D:1      | 0 ||| qw: Version: 0.2-a-29-g1fa15c8
     0 | D:1      | 0 ||| qw: Game counter: 4891
     0 | D:1      | 0 ||| qw: Always use a shield: true
     0 | D:1      | 0 ||| qw: God list: Okawaru
     0 | D:1      | 0 ||| qw: Allow faded altars: false
     0 | D:1      | 0 ||| qw: Do Orc after D:15 true
     0 | D:1      | 0 ||| qw: Do second Lair branch before Depths: true
     0 | D:1      | 0 ||| qw: Lair rune preference: random
     0 | D:1      | 0 ||| qw: Plans: Normal, Zot:1-4, Slime:5, God:TSO, Crypt,
                  | Tomb, Abyss, Pan, Hells, Win
     0 | D:1      | 0 ||| PLANNING D:1-11
    38 | D:1      | 38 ||| Stepping ~*~*~tactically~*~*~ (hiding).
   150 | D:1      | Reached XP level 2. HP: 19/19 MP: 2/2
   276 | D:1      | Reached skill level 3 in Axes
   326 | D:1      | Reached XP level 3. HP: 23/23 MP: 3/3
   629 | D:1      | 629 ||| DROPPING +0 club.
   654 | D:1      | 654 ||| UPGRADING to +0 tower shield.
   664 | D:1      | 664 ||| DROPPING +0 buckler.
   665 | D:1      | 665 ||| DROPPING ring of magical power.
   666 | D:1      | 666 ||| READING scroll labelled HYTHRI MYAZUOSH.
   670 | D:1      | 670 ||| READING scroll labelled BOYNOY SYASUBO.
   671 | D:1      | 671 ||| READING 3 scrolls labelled YBLOMYICLEE.
   672 | D:1      | 672 ||| DRINKING 2 bubbling pink potions.
   673 | D:1      | 673 ||| DROPPING potion of enlightenment.
   712 | D:2      | 712 ||| STAIRDANCE
  1017 | D:2      | 1017 ||| Stepping ~*~*~tactically~*~*~ (stealth).
  1023 | D:2      | Found a faded altar of an unknown god.
  1085 | D:2      | You fall into a shaft and drop 2 floors!
  1098 | D:4      | Reached skill level 4 in Shields
  1098 | D:4      | Reached XP level 4. HP: 19/28 MP: 4/4
  1163 | D:4      | Reached skill level 5 in Shields
  1188 | D:4      | 1188 ||| READING scroll labelled ESASIMAUNA.
  1222 | D:3      | 1222 ||| Stepping ~*~*~tactically~*~*~ (stealth).
  1241 | D:3      | 1241 ||| DRINKING 2 fuming purple potions.
  1242 | D:3      | 1242 ||| DROPPING potion of brilliance.
  1247 | D:3      | 1247 ||| FLEEEEING.
  1248 | D:3      | 1248 ||| FLEEEEING.
  1249 | D:3      | 1249 ||| FLEEEEING.
  1250 | D:3      | 1250 ||| STAIRDANCE
  1283 | D:2      | 1283 ||| FLEEEEING.
  1287 | D:2      | 1287 ||| FLEEEEING.
  1288 | D:2      | 1288 ||| FLEEEEING.
  1293 | D:2      | 1293 ||| Stepping ~*~*~tactically~*~*~ (hiding).
  1299 | D:2      | Reached XP level 5. HP: 28/32 MP: 5/5
  1590 | D:2      | 1590 ||| Stepping ~*~*~tactically~*~*~ (hiding).
  1797 | D:2      | Noticed Robin
  1820 | D:2      | Killed Robin
  1956 | D:2      | 1956 ||| UPGRADING to +0 pair of gloves.
  1961 | D:2      | 1961 ||| UPGRADING to +0 helmet.
  1966 | D:2      | 1966 ||| READING 2 scrolls of enchant armour.
  1966 | D:2      | 1966 ||| ENCHANTING +0 pair of gloves.
  1967 | D:2      | 1967 ||| READING scroll of enchant armour.
  1967 | D:2      | 1967 ||| ENCHANTING +1 pair of gloves.
  1968 | D:2      | 1968 ||| READING scroll labelled GEMOPL YCUOZA.
  2071 | D:3      | 2071 ||| Stepping ~*~*~tactically~*~*~ (stealth).
  2101 | D:3      | Noticed Jessica
  2108 | D:3      | Killed Jessica
  2109 | D:3      | Reached skill level 6 in Shields
  2149 | D:3      | 2149 ||| Stepping ~*~*~tactically~*~*~ (hiding).
  2374 | D:3      | Reached XP level 6. HP: 37/37 MP: 6/6
  2672 | D:3      | 2672 ||| DRINKING 3 lumpy white potions.
  2673 | D:3      | 2673 ||| DRINKING 2 smoky orange potions.
  2673 | D:3      | Gained mutation: You have sharp fingernails. [potion of
                  | mutation]
  2673 | D:3      | Gained mutation: Your mind is acute. (Int +4, Str/Dex -1)
                  | [potion of mutation]
  2705 | D:4      | Found Pivorr's Armour Shop.
  2713 | D:4      | 2713 ||| BUYING +0 cloak of stealth (115 gold).
  2713 | D:4      | Bought a +0 cloak of stealth for 115 gold pieces
  2766 | D:4      | 2766 ||| Stepping ~*~*~tactically~*~*~ (hiding).
  2768 | D:4      | 2768 ||| Stepping ~*~*~tactically~*~*~ (hiding).
  2769 | D:4      | 2769 ||| Stepping ~*~*~tactically~*~*~ (hiding).
  2770 | D:4      | 2770 ||| Stepping ~*~*~tactically~*~*~ (hiding).
  2777 | D:4      | HP: 9/37 [gnoll/+0 spear (5)]
  2779 | D:4      | HP: 1/37 [gnoll/+0 spear (6)]
  2782 | D:4      | Slain by a gnoll

Levels and vault maps discovered:
D:1:      lightli_arrival_statuegarden, layout_basic
D:2:      minmay_chambers_of_ones, layout_loops_corners,
          shapermc_ecumenical_altar_notcrosses, uniq_robin
D:3:      cheibrodos_greedy_goblins, layout_basic, kennysheep_generic_room_4,
          uniq_jessica
D:4:      layout_cave_pools, chequers_temple_overflow_statue_of_worship,
          serial_shops, shop

Skill      XL: |  1  2  3  4  5 |
---------------+----------------+-----
Axes           | 2 3 |  3.2
Shields        | 4 5 6 |  6.5
Fighting       | |  3.2
Armour         | |  3.2

Action                     |  1- 3 |  4- 6 || total
---------------------------+-------+-------++-------
  Melee: War axe           |    76 |   125 ||   201
  Throw: Boomerang         |    30 |    43 ||    73
    Use: Scroll            |     3 |     4 ||     7
         Potion            |     1 |     3 ||     4
 Armour: Scale mail        |    45 |    54 ||    99
  Dodge: Dodged            |    36 |    38 ||    74
  Block: Buckler           |     6 |       ||     6
         Tower shield      |    26 |    85 ||   111

Table legend:
 A = Non-vault XP
 B = Vault XP
 C = Vault XP percentage of total XP
 D = Non-vault monster count
 E = Vault monster count
 F = Vault count percentage of total count
                 A         B        C        D         E       F
            +---------+---------+-------+---------+---------+-------
      Total |     278 |     111 |  28.5 |      65 |      31 |  32.3
            +---------+---------+-------+---------+---------+-------
        D:1 |      44 |       0 |   0.0 |      27 |       0 |   0.0
        D:2 |      63 |      47 |  42.7 |      17 |      16 |  48.5
        D:3 |      40 |      64 |  61.5 |      13 |      15 |  53.6
        D:4 |     131 |       0 |   0.0 |       8 |       0 |   0.0
            +---------+---------+-------+---------+---------+-------
